 Dungeon Crawl Stone Soup version 0.23-a0-143-g1adec7b (webtiles) character file.

35 EvilAliv3 the Vexing (level 3, -9/24 HPs)
             Began as a Demonspawn Enchanter on Sept 4, 2018.
             Killed by nerve-wracking pain
             ... invoked by an orc priest
              (10 damage)
             ... on level 3 of the Dungeon.
             The game lasted 00:06:58 (890 turns).

EvilAliv3 the Vexing (Demonspawn Enchanter)          Turns: 890, Time: 00:06:58

Health: -9/24      AC:  4    Str:  8    XL:     3   Next: 16%
Magic:  4/6        EV: 12    Int: 21    God:
Gold:   58         SH:  0    Dex: 14    Spells: 3/6 levels left

rFire    . . .     SeeInvis .   a - +1 dagger
rCold    . . .     Gourm    .   (no shield)
rNeg     . . .     Faith    .   e - +0 leather armour
rPois    .         Spirit   .   (helmet restricted)
rElec    .         Reflect  .   b - +0 cloak
rCorr    .         Harm     .   (no gloves)
MR       .....                  (no boots)
Stlth    ++........             (no amulet)
HPRegen  0.08/turn              (no ring)
MPRegen  0.10/turn              (no ring)

@: brilliant
A: antennae 2
a: no special abilities


You were on level 3 of the Dungeon.
You were hungry.

You visited 1 branch of the dungeon, and saw 3 of its levels.

You collected 58 gold pieces.

Inventory:

Hand Weapons
 a - a +1 dagger (weapon)
Armour
 b - a +0 cloak (worn)
 e - a +0 leather armour (worn)
Scrolls
 c - 2 scrolls of identify {unknown}
 i - 2 scrolls of teleportation {unknown}
Comestibles
 d - 2 rations


   Skills:
 + Level 1.3 Short Blades
 + Level 2.1 Dodging
 + Level 3.0 Stealth
 + Level 2.3 Spellcasting
 + Level 3.2 Hexes
 + Level 0.3 Ice Magic


You had 3 spell levels left.
You knew the following spells:

 Your Spells              Type           Power        Failure   Level  Hunger
a - Corona                Hex            ####...      1%          1    #......
b - Ensorcelled Hibernat  Hex/Ice        ###...       1%          2    ##.....

Your spell library contained the following spells:

 Spells                   Type           Power        Failure   Level  Hunger
 Confuse                  Hex            ####....     1%          3    ###....
 Tukima's Dance           Hex            ####....     1%          3    ###....
 Dazzling Spray           Conj/Hex       ###...       4%          3    ###....


Dungeon Overview and Level Annotations

Branches:
Dungeon (3/15)

Altars:


Innate Abilities, Weirdness & Mutations

You have a pair of antennae on your head.


Message History

The bat hits you but does no damage. The bat barely misses you.
The bat barely misses you.
You feel yourself slow down. The bat closely misses you.
The bat hits you but does no damage.
You hit the bat.
The bat is moderately wounded.
The bat closely misses you. The bat misses you.
The orc priest invokes the aid of Beogh against you.
Pain shoots through your body!
* * * LOW HITPOINT WARNING * * *
You closely miss the bat.
The bat is moderately wounded.
The bat misses you.
An orc comes into view. It is wielding a club.
The orc priest calls down the wrath of Beogh upon you.
Pain shoots through your body!
You die...

### #.# #.#
########.##
.......@..#
#######b..###########
#.............#
#...###.#######
#...o...# #...###.#
......##o#
###...oo..# #...#.#.#


You could see an orc priest, 2 orcs and a bat.

Vanquished Creatures
  An adder (D:2)
  A dart slug (D:1)
  A leopard gecko (D:1)
  A giant cockroach (D:1)
  2 goblins (D:1)
  2 hobgoblins
  7 jackals (D:1)
  A bat (D:1)
  5 rats
21 creatures vanquished.

Notes
Turn   | Place    | Note
-------+----------+-------------------------------------------
     0 | D:1      | EvilAliv3 the Demonspawn Enchanter began the quest for the
                  | Orb.
     0 | D:1      | Reached XP level 1. HP: 13/13 MP: 3/3
    86 | D:1      | Reached skill level 1 in Short Blades
   164 | D:1      | Gained mutation: You have a pair of small antennae on your
                  | head. [demonic ancestry]
   164 | D:1      | Reached XP level 2. HP: 12/19 MP: 5/5
   230 | D:1      | Learned a level 2 spell: Ensorcelled Hibernation
   795 | D:2      | Gained mutation: You have a pair of antennae on your head.
                  | [demonic ancestry]
   795 | D:2      | Reached XP level 3. HP: 24/24 MP: 6/6
   833 | D:2      | HP: 1/24 [poisoned by an adder]
   839 | D:2      | HP: 1/24 [poisoned by an adder]
   889 | D:3      | HP: 1/24 [orc priest/nerve-wracking pain (3)]
   890 | D:3      | Killed from afar by an orc priest

Vault maps used:
D:1:      moated_graveyard_arrival
D:2:      grunt_temple_overflow_open, first_ration
D:3:      marbit_many_paths, lemuel_doored_altar

Skill      XL: |  1  2 |
---------------+-------+-----
Short Blades   | 1 |  1.3
Dodging        | 2 |  2.1
Stealth        | 3 |  3.0
Spellcasting   | |  2.3
Hexes          | |  3.2
Ice Magic      | |  0.3

Action                   || total
-------------------------++-------
Melee: Dagger            ||   105
 Cast: Corona            ||     5
       Ensorcelled Hiber ||     6
  Use: Potion            ||     2
 Stab: Sleeping          ||     5
Armor: Leather armour    ||    40
Dodge: Dodged            ||    70

Table legend:
 A = Non-vault XP
 B = Vault XP
 C = Vault XP percentage of total XP
 D = Non-vault monster count
 E = Vault monster count
 F = Vault count percentage of total count
                 A         B        C        D         E       F
            +---------+---------+-------+---------+---------+-------
      Total |      50 |       0 |   0.0 |      21 |       0 |   0.0
            +---------+---------+-------+---------+---------+-------
        D:1 |      34 |       0 |   0.0 |      18 |       0 |   0.0
        D:2 |      16 |       0 |   0.0 |       3 |       0 |   0.0
            +---------+---------+-------+---------+---------+-------
